 Dungeon Crawl Stone Soup version 0.29.1-15-g9cfb28693d (webtiles) character file.

Game seed: 552737871913229132

203 Descartes the Shield-Bearer (level 6, -9/48 HPs)
             Began as a Formicid Fighter on Mar 3, 2023.
             Mangled by Pikel
             ... wielding a +2 whip of electrocution
              (18 damage)
             ... on level 4 of the Dungeon.
             The game lasted 00:06:50 (3435 turns).

Descartes the Shield-Bearer (Formicid Fighter)      Turns: 3435, Time: 00:06:50

Health: -9/48      AC: 11    Str: 22    XL:     6   Next: 8%
Magic:  8/8        EV:  6    Int:  8    God:
Gold:   190        SH:  5    Dex: 13    Spells: 8/8 levels left

rFire   . . .      SeeInvis +   r - +0 hand axe (flame)
rCold   . . .      Faith    .   c - +0 buckler
rNeg    . . .      Spirit   .   o - +0 plate armour
rPois   .          Reflect  .   (helmet unavailable)
rElec   .          Harm     .   (no cloak)
rCorr   .          Rampage  .   (no gloves)
Will    .....                   (no boots)
Stlth   ..........              (no amulet)
HPRegen 0.16/turn               (no ring)
MPRegen 0.11/turn               (no ring)

@: mighty
A: permanent stasis, dig shafts and tunnels, antennae 3, four strong arms
a: Dig, Shaft Self


You were on level 4 of the Dungeon.
You visited 1 branch of the dungeon, and saw 4 of its levels.

You collected 190 gold pieces.

Inventory:

Hand Weapons
 a - a +0 trident
 r - a +0 hand axe of flaming (weapon)
 s - a +0 mace of holy wrath
Missiles
 k - 6 poisoned darts
Armour
 c - a +0 buckler (worn)
 o - a +0 plate armour (worn)
Scrolls
 b - a scroll of amnesia {unknown}
 e - 2 scrolls of fog {unknown}
 f - a scroll of enchant weapon {unknown}
 g - a scroll of vulnerability {unknown}
 h - a scroll of blinking {unknown}
 i - a scroll of immolation {unknown}
 n - a scroll of brand weapon {unknown}
 v - a scroll of identify {unknown}
Potions
 l - a potion of attraction {unknown}
 m - a potion of brilliance {unknown}
 p - 2 potions of haste {unknown}
 q - 3 potions of curing {unknown}
 t - 2 potions of flight {unknown}
 u - a potion of lignification {unknown}


   Skills:
 + Level 3.7 Fighting
 + Level 1.4(2.3) Axes
 + Level 2.6(2.9) Polearms
 + Level 4.0 Armour
 + Level 4.7 Shields
 + Level 1.7 Spellcasting
 + Level 1.5 Translocations
 + Level 1.6 Evocations


You had 8 spell levels left.
You didn't know any spells.
Your spell library contained the following spells:

 Spells                   Type           Power      Damage    Failure   Level
 Ozocubu's Armour         Ice            0%         N/A       100%        3
 Ozocubu's Refrigeration  Ice            0%         4d7       100%        7


Dungeon Overview and Level Annotations

Branches:
Dungeon (4/15)
 Temple: D:4-7

Altars:
Ashenzari

Shops:
D:3 [

Annotations:
D:4 Pikel


Innate Abilities, Weirdness & Mutations

You cannot be hasted, slowed, berserked, paralysed or teleported.
You can dig through walls and to a lower floor.
You have a pair of large antennae on your head. (SInv)
Your four strong arms can wield two-handed weapons with a shield.


Message History

* * * LOW HITPOINT WARNING * * *
You hit Pikel. You burn Pikel.
Pikel is moderately wounded.
Pikel hits you with a +2 whip of electrocution.
* * * LOW HITPOINT WARNING * * *
Pikel hits you with a +2 whip of electrocution.
* * * LOW HITPOINT WARNING * * *
Unknown command.
Pikel attacks as you move away! Pikel closely misses you.
Pikel attacks as you move away!
Pikel hits you with a +2 whip of electrocution!
* * * LOW HITPOINT WARNING * * *
Pikel attacks as you move away!
Pikel hits you with a +2 whip of electrocution.
* * * LOW HITPOINT WARNING * * *
It was a potion of heal wounds.
You feel much better.
Pikel hits you with a +2 whip of electrocution.
You feel very mighty all of a sudden. Pikel barely misses you.
The lemure closely misses you. The lemure attacks as you move away!
The lemure hits you!
* * * LOW HITPOINT WARNING * * *
You see here a ball python corpse.
Pikel attacks as you move away!
Pikel hits you with a +2 whip of electrocution.
* * * LOW HITPOINT WARNING * * *
Pikel attacks as you move away! Pikel closely misses you.
You feel much better.
Pikel hits you with a +2 whip of electrocution.
You slash Pikel! You burn Pikel.
Pikel is heavily wounded.
Pikel barely misses you.
You miss Pikel.
Pikel is heavily wounded.
Pikel hits you with a +2 whip of electrocution.
You are electrocuted!!
* * * LOW HITPOINT WARNING * * *
You slash Pikel! You burn Pikel.
Pikel is severely wounded.
Pikel hits you but does no damage.
You are electrocuted!!
You die...

.### ... .. ##.# #######
#..# ## #.......###..#
##.### ............###
#.....## ...........@K5##
##......##
...........##55####........#
...........###5.##.........#
...........# ##............#
...........# ###..........#
##....<...# #..).......#
#####...<# #..........#
###### ##.........#
#........##


You could see Pikel and 4 lemures.

Vanquished Creatures
  A jelly (D:3)
  2 orc wizards (D:3)
  4 adders
  2 worms
  2 dart slugs (D:2)
  7 orcs
  2 bats (D:1)
  6 endoplasms
  2 giant cockroaches
  4 goblins
  10 hobgoblins
  2 jackals (D:2)
  4 quokkas
  7 ball pythons
  3 frilled lizards (D:3)
  3 kobolds (D:3)
  8 rats
69 creatures vanquished.

Vanquished Creatures (others)
  2 plants (D:3)
2 creatures vanquished.

Grand Total: 71 creatures vanquished

Notes
Turn   | Place    | Note
-------+----------+-------------------------------------------
     0 | D:1      | Descartes the Formicid Fighter began the quest for the Orb.
     0 | D:1      | Reached XP level 1. HP: 18/18 MP: 1/1
    67 | D:1      | Reached XP level 2. HP: 22/24 MP: 2/2
   757 | D:1      | Found a faded altar of an unknown god.
   864 | D:1      | Reached XP level 3. HP: 29/29 MP: 2/4
  1321 | D:2      | Reached skill level 1 in Spellcasting
  1321 | D:2      | Reached skill level 1 in Evocations
  1321 | D:2      | Reached XP level 4. HP: 35/35 MP: 5/5
  1493 | D:2      | Reached skill level 1 in Axes
  1956 | D:3      | Reached skill level 1 in Translocations
  2255 | D:3      | Found Migheuty's Antique Armour Shop.
  2289 | D:3      | Reached XP level 5. HP: 15/41 MP: 6/6
  2986 | D:3      | Found a broken altar of Ashenzari.
  3089 | D:3      | Reached XP level 6. HP: 30/48 MP: 8/8
  3385 | D:4      | Noticed Pikel
  3419 | D:4      | HP: 2/48 [Pikel/+2 whip of electrocution (7)]
  3435 | D:4      | Mangled by Pikel

Illustrated notes

Levels and vault maps discovered:
D:1:      lightli_molten_gateway, layout_loops_ring,
          chequers_ecumenical_altar_grove, serial_co_window_serial,
          co_window_paths_a, co_window_corner_a, co_window_paths_b,
          co_window_paths_b, co_window_paths_a, co_window_corner_b,
          co_window_cross_2, co_window_unsneaky_path_a, co_window_paths_e,
          glass_columns_c, glass_columns_b, glass_columns_b, glass_columns_a
D:2:      layout_basic
D:3:      layout_rooms, mainiacjoe_overflow_24_doors, serial_shops,
          nicolae_shop_trees, serial_bayou_pond_b, nicolae_figureground_sparkle
D:4:      layout_cave_pods, minmay_temple_entry_nine_rooms, uniq_pikel,
          uniq_natasha

Skill      XL: |  1  2  3  4  5 |
---------------+----------------+-----
Spellcasting   | 1 |  1.7
Evocations     | 1 |  1.6
Axes           | 1 |  1.4
Translocations | 1 |  1.5
Armour         | 4 |  4.0
Fighting       | |  3.7
Polearms       | |  2.6
Shields        | |  4.7

Action                   |  1- 3 |  4- 6 || total
-------------------------+-------+-------++-------
Melee: Trident           |    73 |    53 ||   126
       Hand axe          |       |    94 ||    94
  Use: Potion            |       |     3 ||     3
Armor: Scale mail        |    22 |       ||    22
       Chain mail        |     3 |       ||     3
       Plate armour      |       |    86 ||    86
Dodge: Dodged            |    21 |    56 ||    77
Block: Buckler           |     6 |    51 ||    57
